 Dungeon Crawl Stone Soup version 0.30-a0-313-gae38170b09 (webtiles) character file.

Game seed: 2984265317373432085

1293 NinjaNoafa the Cutter (level 8, -5/58 HPs)
             Began as a Demonspawn Gladiator on Oct 26, 2022.
             Slain by a gnoll
             ... wielding a +0 spear
              (6 damage)
             ... while paralysed by Grinder
             ... on level 6 of the Dungeon.
             The game lasted 00:12:56 (5731 turns).

NinjaNoafa the Cutter (Demonspawn Gladiator)        Turns: 5731, Time: 00:12:57

Health: -5/58      AC:  8    Str: 14    XL:     8   Next: 30%
Magic:  8/8        EV:  2    Int:  9    God:
Gold:   300        SH:  0    Dex: 18    Spells: 7/7 levels left

rFire   . . .      SeeInvis +    a - +0 rapier
rCold   . . .      Faith    .    (no shield)
rNeg    . . .      Spirit   .    b - +0 leather armour
rPois   .          Reflect  .    c - +1 helmet
rElec   .          Harm     .    (no cloak)
rCorr   .          Rampage  .    (no gloves)
Will    .....                    (no boots)
Stlth   +++.......               (no amulet)
HPRegen 0.29/turn                r - ring of see invisible
MPRegen 0.11/turn                (no ring)

@: paralysed
A: icy blue scales 2, demonic guardian 1, condensation shield, demonic touch 2
a: no special abilities


You were on level 6 of the Dungeon.
You visited 1 branch of the dungeon, and saw 6 of its levels.

You collected 300 gold pieces.

Inventory:

Hand Weapons
 a - a +0 rapier (weapon)
Missiles
 d - 3 throwing nets
 k - 34 stones
 u - 3 poisoned darts (quivered)
Armour
 b - a +0 leather armour (worn)
 c - a +1 helmet (worn)
Jewellery
 f - a +4 ring of slaying
 r - a ring of see invisible (left hand)
Wands
 p - a wand of paralysis (8)
Scrolls
 g - a scroll of vulnerability
 h - 2 scrolls of teleportation
 q - 2 scrolls of fear
 v - a scroll of torment {unknown}
 w - a scroll of brand weapon {unknown}
 y - a scroll of noise
 A - a scroll of immolation {unknown}
Potions
 e - 4 potions of curing
 i - 3 potions of brilliance
 j - a potion of cancellation
 l - a potion of magic
 n - a potion of heal wounds
 o - 3 potions of might
 s - 2 potions of lignification {unknown}
 t - a potion of haste {unknown}
 x - a potion of flight
 z - a potion of attraction {unknown}


   Skills:
 - Level 3.0 Fighting
 - Level 7.0 Short Blades
 - Level 1.7 Throwing
 + Level 4.9 Dodging
 - Level 5.0 Stealth


You had 7 spell levels left.
You didn't know any spells.
Your spell library was empty.

Dungeon Overview and Level Annotations

Branches:
Dungeon (6/15)
 Temple: D:4-7

Altars:
Ashenzari
Gozag
Okawaru

Annotations:
D:5 1 runed translucent door, TheSexyCheese's ghost, novice MiFi
D:6 Grinder


Innate Abilities, Weirdness & Mutations

You are mostly covered in icy blue scales. (AC +3)
A weak demonic guardian rushes to your aid.
A meltable shield of frost defends you. (SH +4)
Your touch may inflict irresistible damage on your foes.


Message History

Your quasit bites Grinder.
Your quasit claws Grinder but does no damage.
Your quasit barely misses Grinder.
You bump into the rock wall.
Grinder hits you. Something misses your quasit. The gnoll misses you.
The gnoll hits you from afar with a +0 spear.
Your quasit closely misses Grinder.
Your quasit claws Grinder but does no damage. x2
You miss Grinder.
Grinder is moderately wounded.
Your quasit bites Grinder but does no damage.
Your quasit barely misses Grinder.
Your quasit claws Grinder.
Grinder hits you.
You writhe in agony.
Something barely misses your quasit.
The gnoll hits you from afar with a +0 halberd.
The gnoll hits you from afar with a +0 spear.
You bump into the rock wall.
You feel less invigorated.
You feel less confused.
Your quasit disappears in a puff of smoke!
Grinder gestures at you. Pain shoots through your body!
The gnoll closely misses you. The gnoll misses you.
You closely miss Grinder.
Grinder is moderately wounded.
Grinder gestures at you.
You suddenly lose the ability to move!
The gnoll hits you but does no damage.
The gnoll hits you from afar with a +0 halberd.
Grinder hits you.
You writhe in agony.
* * * LOW HITPOINT WARNING * * *
The gnoll hits you from afar with a +0 halberd!
* * * LOW HITPOINT WARNING * * *
A demonic guardian appears!
The gnoll hits you from afar with a +0 spear.
* * * LOW HITPOINT WARNING * * *
Something hits your ufetubus.
Your ufetubus misses Grinder. Your ufetubus hits Grinder.
Grinder gestures at you. Pain shoots through your body!
* * * LOW HITPOINT WARNING * * *
The gnoll hits you from afar with a +0 spear.
You die...

#.# .. #.# .#
#..###.###...#
#......<.....#
#.##.#.####..#
#.##.#.####..#
#....<#......#
##...###...#.#
....##@#.#.##
### ##55...#
#gg..#.#
#....#.#
#.....# #
#.....#
......#
...$....
#.......##


You could see Grinder (ally target), 2 gnolls and a friendly ufetubus
(summoned).

Vanquished Creatures
  The ghost of CertainDeath the Chopper, an amateur HOMo (D:4)
  A phantom (D:5)
  2 necrophages
  4 hounds
  3 gnoll boudas
  3 orc wizards (D:5)
  25 gnolls
  4 adders
  An ufetubus (D:5)
  3 dart slugs
  28 orcs
  5 endoplasms
  A giant cockroach (D:1)
  5 hobgoblins
  16 jackals
  2 quokkas
  6 ball pythons
  5 bats
  3 frilled lizards
  5 goblins
  3 kobolds
  5 rats
131 creatures vanquished.

Vanquished Creatures (collateral kills)
  An ogre (D:3)
  A howler monkey (D:3)
  5 gnolls
  2 orcs (D:3)
  A hobgoblin (D:4)
  2 jackals
12 creatures vanquished.

Vanquished Creatures (others)
  A fungus (D:3)
  3 plants (D:3)
4 creatures vanquished.

Grand Total: 147 creatures vanquished

Notes
Turn   | Place    | Note
-------+----------+-------------------------------------------
     0 | D:1      | NinjaNoafa the Demonspawn Gladiator began the quest for the
                  | Orb.
     0 | D:1      | Reached XP level 1. HP: 16/16 MP: 1/1
   364 | D:1      | Reached skill level 3 in Short Blades
   388 | D:1      | Gained mutation: A weak demonic guardian rushes to your
                  | aid. [demonic ancestry]
   388 | D:1      | Reached XP level 2. HP: 4/22 MP: 2/2
  1614 | D:2      | Gained mutation: Your touch may inflict minor irresistible
                  | damage on your foes. [demonic ancestry]
  1614 | D:2      | Reached XP level 3. HP: 25/27 MP: 3/3
  1617 | D:2      | Reached skill level 4 in Short Blades
  1953 | D:3      | Gained mutation: You are partially covered in icy blue
                  | scales. (AC +2) [demonic ancestry]
  1953 | D:3      | Reached XP level 4. HP: 25/33 MP: 4/4
  2074 | D:3      | Reached skill level 5 in Short Blades
  2090 | D:3      | Reached skill level 1 in Stealth
  2090 | D:3      | Reached XP level 5. HP: 28/38 MP: 5/5
  2209 | D:3      | Found an opulent altar of Gozag.
  2717 | D:3      | Noticed an ogre
  2749 | D:3      | Killed an ogre
  2750 | D:3      | Gained mutation: A meltable shield of frost defends you.
                  | (SH +4) [demonic ancestry]
  2750 | D:3      | Reached XP level 6. HP: 44/44 MP: 6/6
  2824 | D:3      | Reached skill level 5 in Stealth
  3285 | D:3      | Gained mutation: You are mostly covered in icy blue scales.
                  | (AC +3) [demonic ancestry]
  3285 | D:3      | Reached XP level 7. HP: 49/51 MP: 7/7
  3518 | D:4      | Found an iron altar of Okawaru.
  3525 | D:4      | Found a broken altar of Ashenzari.
  4097 | D:4      | Found a large runed translucent door.
  4097 | D:4      | Found a large runed translucent door.
  4102 | D:4      | Noticed CertainDeath's ghost (amateur HOMo)
  4488 | D:4      | Killed CertainDeath's ghost
  4489 | D:4      | Reached skill level 6 in Short Blades
  4638 | D:5      | Entered Level 5 of the Dungeon
  4647 | D:5      | Reached skill level 7 in Short Blades
  4676 | D:5      | Gained mutation: Your touch may inflict irresistible damage
                  | on your foes. [demonic ancestry]
  4676 | D:5      | Reached XP level 8. HP: 52/58 MP: 8/8
  5235 | D:5      | Found a runed translucent door.
  5235 | D:5      | Noticed TheSexyCheese's ghost (novice MiFi)
  5710 | D:6      | Noticed Grinder
  5723 | D:6      | Paralysed by Grinder for 2 turns
  5729 | D:6      | Paralysed by Grinder for 4 turns
  5731 | D:6      | HP: 1/58 [Grinder/nerve-wracking pain (4)]
  5731 | D:6      | Slain by a gnoll

Illustrated notes

Levels and vault maps discovered:
D:1:      minmay_arrival_three_doors, layout_basic
D:2:      layout_loops_ring, serial_aquarium, aquarium_bridge_long_separate
          [aquarium_subvault_wall, aquarium_subvault_bridge,
          aquarium_subvault_wall, aquarium_subvault_bridge,
          aquarium_subvault_bridge, aquarium_subvault_bridge],
          aquarium_window_2, aquarium_window_2, aquarium_view_2d,
          aquarium_view_2b, minmay_split_cup_large
D:3:      lemuel_castle_with_subvaults [lemuel_castle_interior_original],
          layout_loops_ring, mainiacjoe_overflow_24_doors,
          nicolae_concentric_dashed_squares_wild, minmay_crystal_water,
          minmay_misc_feat_enclosed, minmay_diced_spiral
D:4:      layout_basic, mainiacjoe_overflow_big_doors,
          ebering_ghost_disaster_area
D:5:      layout_cave_pools, gammafunk_ghost_grave, kennysheep_cross_bottleneck,
          grunt_decor_arrowhead
D:6:      layout_loops_ring, gammafunk_ghost_abyssal_escape, uniq_grinder,
          uniq_sigmund

Skill      XL: |  1  2  3  4  5  6  7  8 |
---------------+-------------------------+-----
Short Blades   | 3 4 5 7 |  7.0
Dodging        | 3 4 |  4.9
Stealth        | 1 3 5 |  5.0
Fighting       | 3 |  3.0
Throwing       | |  1.7

Action                   |  1- 3 |  4- 6 |  7- 9 || total
-------------------------+-------+-------+-------++-------
Melee: Rapier            |    95 |   147 |   165 ||   407
       Touch             |     5 |    27 |    28 ||    60
       Punch             |       |       |     1 ||     1
Throw: Dart              |     3 |     3 |    12 ||    18
       Javelin           |     2 |     5 |       ||     7
       Throwing net      |       |     5 |       ||     5
       Stone             |       |     8 |       ||     8
  Use: Scroll            |     2 |     4 |    10 ||    16
       Potion            |       |     1 |     5 ||     6
 Stab: Sleeping          |       |     2 |     4 ||     6
       Invisible         |       |       |     2 ||     2
Armor: Leather armour    |    29 |    38 |    47 ||   114
Dodge: Dodged            |    79 |    97 |   129 ||   305
Block: Other             |       |    10 |    49 ||    59

Table legend: (Time is in decaauts)
 A = Elapsed time spent in this place.
 B = Non-inter-level travel time spent in this place.
 C = Inter-level travel time spent in this place.
 D = Time resting spent in this place.
 E = Time spent auto-exploring this place.
 F = Levels seen in this place.
 G = Mean time per level.
                   A        B        C        D        E       F      G
               +--------+--------+--------+--------+--------+-----+--------+
         Total |   5719 |   5520 |    199 |      0 |   4425 |   6 |  953.2 |
       Dungeon |   5719 |   5520 |    199 |      0 |   4425 |   6 |  953.2 |
               +--------+--------+--------+--------+--------+-----+--------+

Top non-repeatable levels by time:
     D:3: 1659 daAuts
     D:1: 1181 daAuts
     D:4: 1131 daAuts
     D:5: 1050 daAuts
     D:2: 669 daAuts
     D:6: 27 daAuts
